 Dungeon Crawl Stone Soup version 0.27.0-1-g7a089689b8 (webtiles) character file.

Game seed: 10526318715760231068

113 Cheops the Slasher (level 4, -3/33 HPs)
             Began as a Demonspawn Gladiator on Aug 10, 2021.
             Splashed by a jelly's acid (4 damage)
             ... on level 3 of the Dungeon.
             The game lasted 00:05:07 (2506 turns).

Cheops the Slasher (Demonspawn Gladiator)           Turns: 2506, Time: 00:05:08

Health: -3/33      AC: -2    Str: 16    XL:     4   Next: 65%
Magic:  4/4        EV: 13    Int:  9    God:
Gold:   129        SH:  0    Dex: 20    Spells: 3/3 levels left

rFire    . . .     SeeInvis .   a - +0 long sword
rCold    . . .     Faith    .   (no shield)
rNeg     . . .     Spirit   .   b - +0 leather armour
rPois    .         Reflect  .   c - +0 helmet
rElec    .         Harm     .   (no cloak)
rCorr    .         Rampage  .   (no gloves)
Will     .....                  (no boots)
Stlth    +.........             (no amulet)
HPRegen  0.11/turn              g - +6 ring of dexterity
MPRegen  0.09/turn              (no ring)

@: corroded
A: claws 1, slimy green scales 1
a: no special abilities


You were on level 3 of the Dungeon.
You visited 1 branch of the dungeon, and saw 3 of its levels.

You collected 129 gold pieces.

Inventory:

Hand Weapons
 a - a +0 long sword (weapon)
Missiles
 d - 3 throwing nets (quivered)
Armour
 b - a +0 leather armour (worn)
 c - a +0 helmet (worn)
Jewellery
 g - a +6 ring of dexterity (left claw)
Scrolls
 e - a scroll of summoning {unknown}
 f - a scroll of enchant weapon {unknown}
 h - 2 scrolls of amnesia {unknown}
 j - a scroll of blinking {unknown}
 k - a scroll of fog {unknown}
 l - a scroll of magic mapping {unknown}
 p - a scroll of holy word {unknown}
Potions
 i - a potion of brilliance {unknown}
 m - a potion of flight {unknown}
 n - 2 potions of might {unknown}
 o - a potion of haste {unknown}
 q - a potion of attraction {unknown}


   Skills:
 - Level 2.0 Fighting
 + Level 5.0 Long Blades
 - Level 1.7 Throwing
 - Level 2.6 Dodging


You had 3 spell levels left.
You didn't know any spells.
Your spell library contained the following spells:

 Spells                   Type           Power      Damage    Failure   Level
 Conjure Flame            Conj/Fire      0%         6-21      83%         3
 Ignite Poison            Fire/Tmut/Pois 0%         N/A       83%         3
 Hailstorm                Conj/Ice       0%         3d3       99%         4
 Ice Form                 Ice/Tmut       0%         N/A       99%         4
 Sticky Flame             Conj/Fire      0%         2d3       99%         4
 Simulacrum               Ice/Necr       0%         N/A       100%        6


Dungeon Overview and Level Annotations

Branches:
Dungeon (3/15)

Altars:


Innate Abilities, Weirdness & Mutations

You have sharp fingernails.
You are partially covered in slimy green scales. (AC +2)


Message History

Your Long Blades skill increases to level 5!
You closely miss the orc. The orc misses you.
You barely miss the orc. The orc misses you.
The orc hits you with a +0 short sword of speed.
You barely miss the orc. The orc hits you but does no damage.
The orc hits you with a +0 short sword of speed.
You hit the orc.
The orc is lightly wounded.
The orc hits you with a +0 short sword of speed.
The orc hits you but does no damage.
You slash the orc!
You kill the orc!
You swing at nothing.
What are your orders? t - Shout!
Orders for allies: a - Attack new target. r - Retreat! s - Stop attacking. g - Guard the area. f - Follow me.
Anything else - Cancel.
You shout for attention!
You swing at nothing.
You swing at nothing.
The jelly misses you.
You slash the jelly!
Your claws burn!
The jelly is heavily wounded.
The jelly hits you. The acid corrodes you!
You are splashed with acid!
* * * LOW HITPOINT WARNING * * *
You hit the jelly but do no damage. The acid corrodes you!
Your claws burn!
* * * LOW HITPOINT WARNING * * *
The jelly is heavily wounded.
The jelly closely misses you.
You riposte.
You hit the jelly but do no damage.
The jelly is heavily wounded.
You hit the jelly but do no damage.
Your claws burn!
* * * LOW HITPOINT WARNING * * *
The jelly is heavily wounded.
The jelly hits you.
* * * LOW HITPOINT WARNING * * *
You are splashed with acid!
* * * LOW HITPOINT WARNING * * *
You hit the jelly but do no damage.
Your claws burn!
You die...

#######.....#.# #.####
#.#)..... .....#
#######.#...#.# #.##.#
+...........#.###.##.#
#######.#.........##.###.
##.####..#..........
#...................
#..#####.#.####.....
#..@J..).......###..
##.############.#
#...<.....##+##.#
#..##.........#.#
#.)##.........#.####.
#..##.........'......
#..##.........#......
#..##.........##.....
#..##..........+.....


You could see a jelly.

Vanquished Creatures
  6 adders
  3 orcs (D:3)
  4 endoplasms
  3 giant cockroaches
  5 goblins
  11 hobgoblins
  4 kobolds
  2 quokkas
  5 ball pythons
  3 bats
  4 frilled lizards
  4 rats (D:1)
54 creatures vanquished.

Notes
Turn   | Place    | Note
-------+----------+-------------------------------------------
     0 | D:1      | Cheops the Demonspawn Gladiator began the quest for the
                  | Orb.
     0 | D:1      | Reached XP level 1. HP: 16/16 MP: 1/1
   168 | D:1      | Reached skill level 3 in Long Blades
   207 | D:1      | Gained mutation: You are partially covered in slimy green
                  | scales. (AC +2) [demonic ancestry]
   207 | D:1      | Reached XP level 2. HP: 22/22 MP: 2/2
   734 | D:1      | Found a faded altar of an unknown god.
  1095 | D:2      | Reached XP level 3. HP: 24/27 MP: 3/3
  1334 | D:2      | Reached skill level 4 in Long Blades
  2070 | D:3      | Gained mutation: You have sharp fingernails. [demonic
                  | ancestry]
  2070 | D:3      | Reached XP level 4. HP: 27/33 MP: 4/4
  2491 | D:3      | Reached skill level 5 in Long Blades
  2505 | D:3      | HP: 1/33 [acid (8)]
  2506 | D:3      | Splashed by a jelly's acid

Illustrated notes

Levels and vault maps discovered:
D:1:      sevenhm_arrival_forest_fort_large_2, layout_basic,
          ebering_ecumenical_altar_webs, serial_corexii_hall,
          corexii_hall_statues_i, chequers_hall_statues_y,
          corexii_hall_statues_t
D:2:      layout_loops_corners
D:3:      layout_basic, uniq_purgy

Skill      XL: |  1  2  3  4 |
---------------+-------------+-----
Long Blades    | 3 4 5 |  5.0
Fighting       | |  2.0
Throwing       | |  1.7
Dodging        | |  2.6

Action                   |  1- 3 |  4- 6 || total
-------------------------+-------+-------++-------
Melee: Long sword        |   112 |    41 ||   153
 Stab: Sleeping          |     1 |     1 ||     2
Armor: Leather armour    |    43 |    13 ||    56
Dodge: Dodged            |    92 |    22 ||   114
       Rpst.: Long sword |    30 |     9 ||    39
